 Dungeon Crawl Stone Soup version 0.25-a0-1056-g2efb326896 (webtiles) character file.

Game seed: 8386758620327315149, levelgen mode: deterministic

34560 Hasart the Carver (level 13, -4/91 HPs)
             Began as an Octopode Fighter on May 13, 2020.
             Was an Initiate of Gozag.
             Engulfed by a cloud of flame (12 damage)
             ... on level 4 of the Lair of Beasts.
             The game lasted 01:01:07 (22204 turns).

Hasart the Carver (Octopode Fighter)               Turns: 22204, Time: 01:01:07

Health: -4/91      AC:  1    Str: 19    XL:     13   Next: 78%
Magic:  17/17      EV: 22    Int: 11    God:    Gozag
Gold:   1289       SH: 17    Dex: 12    Spells: 12/12 levels left

rFire    . . .     SeeInvis +   G - +9 scimitar
rCold    . . .     Gourm    .   r - +0 tower shield
rNeg     + . .     Faith    .   (helmet restricted)
rPois    +         Spirit   .   (no amulet)
rElec    .         Reflect  .   k - +2 ring of evasion
rCorr    .         Harm     .   o - ring of positive energy
MR       .....                  y - ring of stealth
Stlth    +++++.....             D - ring of poison resistance
HPRegen  0.25/turn              a - ring of see invisible
MPRegen  0.15/turn              I - +5 ring of evasion
                                (no ring)
                                (no ring)

@: brilliant, gold aura, hasted, very quick
A: almost no armour, stealthy swim, amphibious, 8 rings, constrict 8, camouflage
1, gelatinous body 1
a: Potion Petition, Call Merchant, Bribe Branch, Renounce Religion


You were on level 4 of the Lair of Beasts.
You worshipped Gozag.
Gozag was most pleased with you.
You were not hungry.

You visited 4 branches of the dungeon, and saw 17 of its levels.
You also visited: Volcano.

You collected 5171 gold pieces.
You spent 1511 gold pieces at shops.
You paid 2371 gold pieces to Gozag.

Inventory:

Hand Weapons
 G - a +9 scimitar (weapon)
 K - a +3 scimitar of flaming
Missiles
 q - 58 poisoned darts
 u - 4 javelins
 A - 16 boomerangs (quivered)
Armour
 b - a +0 kite shield
 r - a +0 tower shield (worn)
Jewellery
 a - a ring of see invisible (on tentacle)
 k - a +2 ring of evasion (left tentacle)
 o - a ring of positive energy (right tentacle)
 y - a ring of stealth (on tentacle)
 D - a ring of poison resistance (on tentacle)
 I - a +5 ring of evasion (on tentacle)
Wands
 c - a wand of flame (4)
 M - a wand of digging (5)
 N - a wand of polymorph (8)
Scrolls
 e - 19 scrolls of identify
 g - 5 scrolls of remove curse
 l - 2 scrolls of blinking {unknown}
 p - 2 scrolls of random uselessness {unknown}
 s - 3 scrolls of teleportation
 x - 2 scrolls of vulnerability {unknown}
 z - 2 scrolls of magic mapping
 C - 3 scrolls of fear
 J - 4 scrolls of acquirement {unknown}
 L - a scroll of amnesia
Potions
 f - a potion of might
 h - 3 potions of curing {unknown}
 i - 3 potions of brilliance {unknown}
 j - a potion of stabbing {unknown}
 m - 3 potions of haste
 n - 3 potions of mutation {unknown}
 t - 3 potions of heal wounds {unknown}
 v - 4 potions of berserk rage {unknown}
 w - 2 potions of flight {unknown}
 B - a potion of lignification {unknown}
 E - 2 potions of invisibility {unknown}
 F - a potion of cancellation {unknown}
 H - 3 potions of resistance {unknown}
Comestibles
 d - 25 rations


   Skills:
 + Level 9.7 Fighting
 * Level 12.9 Long Blades
 + Level 8.9 Throwing
 + Level 9.8 Dodging
 - Level 5.0 Stealth
 + Level 9.7 Shields
 + Level 6.5 Evocations


You had 12 spell levels left.
You didn't know any spells.
Your spell library contained the following spells:

 Spells                   Type           Power        Failure   Level  Hunger
 Magic Dart               Conj           #...         94%         1    None
 Blink                    Tloc           N/A          98%         2    None
 Call Imp                 Summ           #.......     98%         2    None
 Slow                     Hex            #.......     98%         2    None
 Conjure Flame            Conj/Fire      #.......     100%        3    None
 Mephitic Cloud           Conj/Pois/Air  #.......     100%        3    None
 Summon Lightning Spire   Summ/Air       #.......     100%        4    None
 Silence                  Hex/Air        #.........   100%        5    None
 Conjure Ball Lightning   Conj/Air       #.........   100%        6    None
 Tornado                  Air            #.........   100%        9    None


Dungeon Overview and Level Annotations

Branches:
Dungeon (10/15)            Temple (1/1) D:4            Lair (4/6) D:10
 Shoals (0/4) Lair:4       Spider (0/4) Lair:3          Orc (2/2) D:9
    Elf (0/3) Orc:2       Volcano (visited)

Altars:
Ashenzari
Cheibriados
Dithmenos
Fedhas
Gozag
Makhleb
Nemelex Xobeh
Qazlal
Ru
Sif Muna
Uskayaw
Wu Jian

Shops:
D:7 =(   D:10 [   Orc:2 *%[=(   Lair:3 =

Annotations:
Lair:1 exclusion: oklob plant
Lair:2 exclusion: 2 oklob plants
Lair:4 1 runed translucent door, Havah's ghost, journeyman OpVM


Innate Abilities, Weirdness & Mutations

You cannot wear most types of armour.
You are very stealthy in the water. (Stealth+)
You are amphibious.
You can wear up to eight rings at the same time.
You can use your tentacles to constrict eight enemies at once.
Your skin changes colour to match your surroundings (Stealth+).
Your rubbery body absorbs attacks. (AC +1, EV +1)


Message History

You feel yourself speed up.
You feel clever all of a sudden.
You feel much better.
You feel better. Magic courses through your body.
You are engulfed in blazing flames.
* * * LOW HITPOINT WARNING * * *
The fungus is engulfed in blazing flames. x2
The plant is engulfed in blazing flames.
The fire crab closely misses you. x2
You slice the fire crab!! You grab the fire crab.
The fire crab is almost dead.
You are engulfed in blazing flames.
* * * LOW HITPOINT WARNING * * *
You constrict the fire crab, but do no damage.
The fungus is engulfed in blazing flames.
Unknown command.
You slash the fire crab!
You kill the fire crab!
You are engulfed in blazing flames.
You die...
Your body crumbles into a pile of gold.

.................... ##
....................
##.#.#...#.####...##.
######..### #...### ###
##..######.....## .
..####.......#....P..###..
................°°°......
................$°......
#..#.#.#...#. ##@.°P##
###.###...P# ##P...°.#
.#.#####..####.PP...####
.........................
.........................
.######..#...#..###.##.#.#
## #.######### .# ## # ##
##


There were no monsters in sight!

Vanquished Creatures
  A hydra (Lair:2)
  4 two-headed ogres
  Erica (Lair:1)
  A fire crab (Lair:4)
  2 unseen horrors
  2 lindwurms (Volcano)
  An orc sorcerer (Orc:1)
  10 elephants
  2 black mambas
  Maurice (D:10)
  3 molten gargoyles (Volcano)
  Psyche (D:9)
  A spiny frog (Lair:3)
  Maggie (D:10)
  An efreet (Volcano)
  A rime drake (Lair:3)
  5 komodo dragons
  6 trolls
  A queen bee (Lair:1)
  4 merfolk (Lair:4)
  A polar bear (Lair:3)
  8 blink frogs
  4 hippogriffs
  16 yaks
  2 fire elementals (Volcano)
  2 wyverns
  A steam dragon (D:10)
  6 water moccasins
  6 porcupines
  A swamp drake (D:9)
  15 orc warriors
  A hornet zombie (D:10)
  An ice beast (D:6)
  A phantom (D:9)
  4 sky beasts
  22 wolves
  11 ogres
  5 centaurs
  2 big kobolds
  9 crocodiles
  A gnoll sergeant (D:9)
  8 bullfrogs
  3 earth elementals (Volcano)
  3 scorpions
  39 killer bees
  8 wights
  A howler monkey (D:4)
  4 crimson imps
  A jelly (D:8)
  A bullfrog skeleton (D:5)
  12 orc priests
  4 hounds
  2 centaur skeletons
  Jessica (D:3)
  5 iguanas
  11 orc wizards
  Natasha (thrice) (D:2)
  9 worker ants
  9 adders
  16 gnolls
  An adder zombie (D:6)
  An adder skeleton (D:7)
  4 worms
  2 dart slugs
  8 leopard geckos
  66 orcs
  4 giant cockroaches
  4 goblins
  8 hobgoblins
  17 jackals
  2 quokkas
  2 ball pythons
  12 bats
  3 frilled lizards
  14 kobolds
  A leopard gecko zombie (D:8)
  7 rats
464 creatures vanquished.

Vanquished Creatures (others)
  An orc wizard (Orc:1)
  An orc (Orc:1)
  A jackal skeleton (D:4)
  2 fungi (Lair:4)
  12 plants
17 creatures vanquished.

Grand Total: 481 creatures vanquished

Notes
Turn   | Place    | Note
-------+----------+-------------------------------------------
     0 | D:1      | Hasart the Octopode Fighter began the quest for the Orb.
     0 | D:1      | Reached XP level 1. HP: 16/16 MP: 1/1
   223 | D:1      | Reached XP level 2. HP: 14/21 MP: 2/2
  1114 | D:2      | Noticed Natasha
  1125 | D:2      | Reached XP level 3. HP: 24/26 MP: 3/3
  1128 | D:2      | Killed Natasha
  1297 | D:2      | Noticed Natasha
  1303 | D:2      | Reached skill level 3 in Long Blades
  1303 | D:2      | Reached XP level 4. HP: 31/31 MP: 4/4
  1305 | D:2      | Killed Natasha
  1652 | D:2      | Reached XP level 5. HP: 23/36 MP: 5/5
  1800 | D:2      | Noticed Natasha
  1804 | D:2      | Killed Natasha
  2642 | D:3      | Noticed Jessica
  2646 | D:3      | Killed Jessica
  2646 | D:3      | Reached skill level 4 in Long Blades
  2932 | D:3      | Reached XP level 6. HP: 43/43 MP: 6/6
  3279 | D:4      | Reached skill level 1 in Throwing
  3291 | D:4      | Reached XP level 7. HP: 27/48 MP: 7/7
  3694 | D:4      | Reached skill level 5 in Long Blades
  4218 | D:4      | Found a staircase to the Ecumenical Temple.
  4227 | Temple   | Entered the Ecumenical Temple
  4244 | Temple   | Became a worshipper of Gozag Ym Sagoz the Greedy
  4584 | D:5      | Entered Level 5 of the Dungeon
  4690 | D:5      | You fall into a shaft and drop 3 floors!
  4710 | D:8      | Reached XP level 8. HP: 17/54 MP: 8/8
  5251 | D:7      | Reached skill level 5 in Fighting
  5251 | D:7      | Reached skill level 6 in Long Blades
  5251 | D:7      | Reached skill level 5 in Dodging
  5319 | D:7      | Found Ifasiocw's Antique Weapon Shop.
  5343 | D:7      | Reached skill level 5 in Shields
  5805 | D:6      | HP: 1/55 [orc warrior/cursed +0 long sword (24)]
  6564 | D:5      | Reached XP level 9. HP: 32/61 MP: 9/9
  6981 | D:6      | Reached skill level 7 in Long Blades
  7723 | D:7      | Bought an uncursed ring of poison resistance for 280 gold
                  | pieces
  7947 | D:8      | Reached skill level 8 in Long Blades
  8051 | D:8      | Found an ornate altar of the Wu Jian Council.
  8358 | D:8      | Reached XP level 10. HP: 44/69 MP: 10/10
  8723 | D:9      | Killed an unseen horror
  8723 | D:9      | Reached skill level 5 in Throwing
  8774 | D:7      | Bought an uncursed ring of see invisible for 210 gold
                  | pieces
  8943 | D:9      | Noticed Psyche
  8952 | D:9      | Killed Psyche
  8952 | D:9      | Reached skill level 9 in Long Blades
  9808 | D:9      | Found a staircase to the Orcish Mines.
 10167 | D:9      | Noticed a two-headed ogre
 10177 | D:9      | Killed a two-headed ogre
 10315 | D:10     | Entered Level 10 of the Dungeon
 10334 | D:10     | Noticed an unseen horror
 10343 | D:10     | Killed an unseen horror
 10343 | D:10     | Reached skill level 10 in Long Blades
 10343 | D:10     | Reached XP level 11. HP: 67/75 MP: 11/11
 10463 | D:10     | Reached skill level 1 in Stealth
 10706 | D:10     | Noticed Maurice
 10719 | D:10     | Killed Maurice
 10986 | D:10     | Found Ziqines's Antique Armour Emporium.
 11085 | D:10     | Found a staircase to the Lair.
 11212 | D:10     | Reached skill level 1 in Evocations
 11260 | D:10     | Noticed Maggie
 11272 | D:10     | Killed Maggie
 11800 | Lair:1   | Entered Level 1 of the Lair of Beasts
 12125 | Lair:1   | Noticed an oklob plant
 12302 | Lair:1   | Noticed Erica
 12313 | Lair:1   | Killed Erica
 13284 | Orc:1    | Entered Level 1 of the Orcish Mines
 13323 | Orc:1    | Reached skill level 11 in Long Blades
 13323 | Orc:1    | Reached XP level 12. HP: 76/83 MP: 14/14
 13978 | Orc:2    | Entered Level 2 of the Orcish Mines
 14020 | Orc:2    | Found Ilur's Assorted Antiques.
 14067 | Orc:2    | Found Xojan's Food Emporium.
 14069 | Orc:2    | Bought 2 sedimented cyan potions for 57 gold pieces
 14069 | Orc:2    | Bought a viscous black potion for 28 gold pieces
 14069 | Orc:2    | Bought a viscous yellow potion for 28 gold pieces
 14069 | Orc:2    | Bought a sedimented yellow potion for 28 gold pieces
 14297 | Orc:2    | Found Ymevar's Armour Emporium.
 14474 | Orc:1    | Reached skill level 5 in Stealth
 15214 | Orc:2    | Found a staircase to the Elven Halls.
 15348 | Orc:2    | Found Junael's Antique Weapon Shop.
 15365 | Orc:2    | Noticed a two-headed ogre
 15369 | Orc:2    | Noticed a two-headed ogre
 15474 | Orc:2    | Killed a two-headed ogre
 15769 | Orc:2    | Bought a +5 ring of evasion for 880 gold pieces
 15797 | Orc:2    | Killed a two-headed ogre
 15800 | Orc:2    | Noticed a two-headed ogre
 15831 | Orc:2    | Killed a two-headed ogre
 15945 | Orc:2    | Noticed an ogre mage
 15957 | Orc:2    | Noticed an ogre mage
 15957 | Orc:2    | Noticed a two-headed ogre
 15957 | Orc:2    | Noticed a two-headed ogre
 15957 | Orc:2    | Noticed a two-headed ogre
 15958 | Orc:2    | Noticed a two-headed ogre
 15959 | Orc:2    | Paralysed by an ogre mage for 6 turns
 16371 | Lair:2   | Noticed a five-headed hydra
 16563 | Lair:2   | Killed a two-headed hydra
 16840 | Lair:2   | Found a dark tunnel.
 16851 | Volcano  | Entered a volcano
 16904 | Volcano  | Reached skill level 12 in Long Blades
 16904 | Volcano  | Reached skill level 5 in Evocations
 18188 | Volcano  | Reached XP level 13. HP: 69/90 MP: 16/16
 20041 | Lair:3   | Found a hole to the Spider Nest.
 21074 | Lair:4   | Found a staircase to the Shoals.
 21623 | Lair:4   | Found a runed translucent door.
 21735 | Lair:4   | Identified the +10 trident of the Establishment {vorpal,
                  | MP+9}
 21739 | Lair:4   | Noticed Havah's ghost (journeyman OpVM)
 22201 | Lair:4   | HP: 2/91 [fire crab/blast of flame (7)]
 22204 | Lair:4   | Engulfed by a cloud of flame

Illustrated notes

Levels and vault maps discovered:
D:1:      dpeg_arrival_central, layout_basic, minmay_misc_feat_five,
          minmay_misc_feat_cross, chequers_serial_rivers_large_b
D:2:      layout_rooms, first_ration, uniq_natasha
D:3:      layout_loops_cross, uniq_jessica
D:4:      layout_basic, temple_hall, lemuel_flame_loot_1
D:5:      layout_layer_cave
D:6:      minmay_evil_eye, layout_cave_pools
D:7:      layout_rooms, serial_shops, shop
D:8:      layout_cave_pods, lemuel_crystal_altar
D:9:      layout_loops_ring, erik_orc_1, uniq_psyche
D:10:     layout_loops_ring, david_lair_generic, serial_shops,
          nicolae_shop_crystal, uniq_maggie, uniq_maurice
Temple:   nicolae_temple_the_god_donut
Lair:1:   layout_roguey [special_room_bee], minmay_lair_oklob_bushes,
          minivault_23, serial_bayou_pond_e, uniq_erica
Lair:2:   dpeg_oklob_gauntlet, layout_regular_city,
          nicolae_volcano_entry_two_sided, eino_small_chamber_without_monster,
          infiniplex_staircase_pool_2, serial_bayou_shore_b,
          lemuel_fruit_fields, lemuel_fruit_fields
Lair:3:   layout_concentric_octagons, spider_nest_entry_web_field,
          grunt_megastairs_3, serial_bayou_shore_a, serial_bayou_shore_b
Lair:4:   layout_long_grid, elwin_shoals_entry_stream,
          ebering_ghost_funeral_grove
Orc:1:    layout_caves, mines_bat_river
Orc:2:    st_orc_ogre_mass, layout_caves, serial_shops, nicolae_shop_waterfront,
          shop_statue, shop, shop

Skill      XL: |  1  2  3  4  5  6  7  8  9 10 11 12 13 |
---------------+----------------------------------------+-----
Long Blades    | 3 4 5 6 8 10 11 12 | 12.9
Fighting       | 4 5 6 7 8 9 |  9.7
Dodging        | 4 5 6 7 8 9 |  9.8
Shields        | 4 5 6 7 8 9 |  9.7
Throwing       | 1 2 3 4 6 7 8 |  8.9
Stealth        | 4 5 |  5.0
Evocations     | 3 5 6 |  6.5

Action                   |  1- 3 |  4- 6 |  7- 9 | 10-12 | 13-15 || total
-------------------------+-------+-------+-------+-------+-------++-------
Melee: Long sword        |    39 |   109 |   256 |       |       ||   404
       Constrict         |    13 |    35 |    70 |    88 |    29 ||   235
       Tentacles         |     8 |    23 |    72 |   118 |    77 ||   298
       Scimitar          |       |       |       |   506 |   273 ||   779
Throw: Dart              |       |       |    71 |    70 |       ||   141
       Javelin           |       |       |     3 |       |       ||     3
       Boomerang         |       |       |       |   161 |    23 ||   184
Invok: Call Merchant     |       |       |     1 |     1 |     1 ||     3
       Potion Petition   |       |       |       |       |     1 ||     1
Evoke: Wand              |       |       |       |     2 |       ||     2
  Use: Scroll            |       |       |     1 |    18 |       ||    19
 Stab: Sleeping          |     5 |     2 |     7 |     8 |     7 ||    29
       Distracted        |       |     2 |       |     3 |     2 ||     7
  Eat: Chunk             |     1 |     6 |     4 |       |       ||    11
       Ration            |       |       |     4 |    10 |     3 ||    17
Armor: Skin              |     2 |     5 |     3 |     4 |     1 ||    15
Dodge: Dodged            |    17 |    52 |   143 |   218 |   118 ||   548
Block: Kite shield       |    11 |    45 |   122 |     5 |       ||   183
       Tower shield      |       |       |       |   377 |   181 ||   558
       Rpst.: Long sword |     6 |    15 |    35 |       |       ||    56
       Scimitar          |       |       |       |    60 |    34 ||    94

Table legend:
 A = Non-vault XP
 B = Vault XP
 C = Vault XP percentage of total XP
 D = Non-vault monster count
 E = Vault monster count
 F = Vault count percentage of total count
                 A         B        C        D         E       F
            +---------+---------+-------+---------+---------+-------
      Total |   35569 |   13803 |  28.0 |     380 |      85 |  18.3
            +---------+---------+-------+---------+---------+-------
        D:1 |      28 |       0 |   0.0 |      16 |       0 |   0.0
        D:2 |     176 |      33 |  15.8 |      32 |       1 |   3.0
        D:3 |     104 |      37 |  26.2 |      17 |       1 |   5.6
        D:4 |     648 |       0 |   0.0 |      28 |       0 |   0.0
        D:5 |     354 |       0 |   0.0 |      10 |       0 |   0.0
        D:6 |     914 |     104 |  10.2 |      26 |       2 |   7.1
        D:7 |     703 |       0 |   0.0 |      18 |       0 |   0.0
        D:8 |    1653 |       0 |   0.0 |      31 |       0 |   0.0
        D:9 |    2995 |    1009 |  25.2 |      23 |      18 |  43.9
       D:10 |    2300 |    1770 |  43.5 |      28 |       6 |  17.6
     Lair:1 |    2641 |    2773 |  51.2 |      13 |      27 |  67.5
     Lair:2 |    5384 |       0 |   0.0 |      21 |       0 |   0.0
     Lair:3 |    7071 |      81 |   1.1 |      35 |       1 |   2.8
     Lair:4 |    6433 |    1193 |  15.6 |      24 |       4 |  14.3
      Orc:1 |    2663 |      16 |   0.6 |      31 |       7 |  18.4
      Orc:2 |    1502 |    3152 |  67.7 |      27 |       7 |  20.6
    Volcano |       0 |    3635 | 100.0 |       0 |      11 | 100.0
            +---------+---------+-------+---------+---------+-------
